| TOP OF THE 1ST |
|
Greensboro Grasshoppers batting - Pitching for Augusta GreenJackets : RHP Tony Nateras
|
|
Pitching: RHP Tony Nateras
|
|
|
Batting: RHB Harrie de Kam
|
0-0: Called Strike 0-1: Ball 1-1: Foul Ball, location: 2F 1-2: Ball 2-2: Ball 3-2: Base on Balls
|
|
Batting: RHB Rafael Irizarry
|
0-0: Ball 1-0: Ball 2-0: Ball 3-0: Base on Balls Harrie de Kam to second
|
|
Batting: RHB Nate Crofts
|
0-0: SINGLE (Groundball, 6D, EV 95.6 MPH) Harrie de Kam to third Rafael Irizarry to second Runner from 3rd tries for Home, SAFE, throw by CF to home
|
|
Batting: LHB Angelo Estrella
|
0-0: Ball Rafael Irizarry steals 3rd base (no throw) 1-0: Foul Ball, location: 2F 1-1: Swinging Strike 1-2: Strikes out swinging
|
|
Batting: RHB Chris Alft
|
0-0: Grounds into double play, 4-6-3 (Groundball, 4, EV 93.8 MPH)
|
| Top of the 1st over - 1 run, 1 hit, 0 errors, 1 left on base; Greensboro 1 - Augusta 0 |
| BOTTOM OF THE 1ST |
|
Augusta GreenJackets batting - Pitching for Greensboro Grasshoppers : RHP Adam Brown
|
|
Pitching: RHP Adam Brown
|
|
|
Batting: LHB Joe Hoover
|
0-0: Bunt missed! 0-1: Ball 1-1: Ball 2-1: Foul Ball, location: 2F 2-2: Ball 3-2: Foul Ball, location: 2F 3-2: Base on Balls
|
|
Batting: RHB Tony Harper
|
0-0: Called Strike 0-1: Ball 1-1: Called Strike 1-2: Ball 2-2: Ball 3-2: Foul Ball, location: 2F 3-2: DOUBLE (Groundball, 5L, EV 101.9 MPH) Joe Hoover to third Joe Hoover scores
|
|
Batting: RHB Zach Maguire
|
0-0: Ball 1-0: Foul Ball, location: 2F 1-1: Ball 2-1: Ground out 6-3 (Groundball, 6, EV 81.9 MPH)
|
|
Batting: LHB Steve Nevis
|
0-0: Called Strike 0-1: Ball 1-1: DOUBLE (Line Drive, 3D, EV 102.5 MPH) Tony Harper scores
|
|
Batting: LHB Chris West
|
0-0: Ball 1-0: Called Strike 1-1: Called Strike 1-2: SINGLE (Line Drive, 7S, EV 87.5 MPH) Steve Nevis to third Runner from 3rd tries for Home, SAFE, throw by LF to home
|
|
Batting: RHB Ryan Bentz
|
0-0: Called Strike 0-1: Foul Ball, location: 2F 0-2: Foul Ball, location: 2F 0-2: Fielders Choice at 2nd, 6-4 (Groundball, 6, EV 106.2 MPH)
|
|
Batting: RHB Jaime Rios
|
0-0: Ball Ryan Bentz is caught stealing 2nd base 2-4
|
| Bottom of the 1st over - 3 runs, 3 hits, 0 errors, 0 left on base; Greensboro 1 - Augusta 3 |
| TOP OF THE 2ND |
|
Greensboro Grasshoppers batting - Pitching for Augusta GreenJackets : RHP Tony Nateras
|
|
Batting: LHB Justin Blakely
|
0-0: Ball 1-0: SINGLE (Groundball, 34D, EV 99.4 MPH)
|
|
Batting: RHB J.D. Vander Klok
|
0-0: Ball 1-0: Swinging Strike 1-1: Called Strike 1-2: Strikes out looking
|
|
Batting: RHB Dennis Coppolino
|
0-0: Ball 1-0: Foul Ball, location: 2F 1-1: Ball 2-1: Foul Ball, location: 2F 2-2: Strikes out looking
|
|
Batting: RHB Nick Dunton
|
0-0: Called Strike 0-1: Ball 1-1: Fielders Choice at 2nd, 6-4 (Groundball, 56, EV 103.8 MPH)
|
| Top of the 2nd over - 0 runs, 1 hit, 0 errors, 1 left on base; Greensboro 1 - Augusta 3 |
| BOTTOM OF THE 2ND |
|
Augusta GreenJackets batting - Pitching for Greensboro Grasshoppers : RHP Adam Brown
|
|
Pitching: RHP Joe Lynn
|
|
|
Batting: RHB Jaime Rios
|
0-0: Swinging Strike 0-1: Swinging Strike 0-2: Ball 1-2: Ball 2-2: Strikes out swinging
|
|
Batting: RHB Gary Sampson
|
0-0: Ball 1-0: Ball 2-0: Called Strike 2-1: Ball 3-1: Base on Balls
|
|
Batting: RHB Ruben Irizarry
|
0-0: Called Strike 0-1: Ball 1-1: Ball 2-1: SINGLE (Line Drive, 34D, EV 100.6 MPH) Gary Sampson to second
|
|
Batting: LHB Joe Hoover
|
0-0: Ball Gary Sampson is caught stealing 3rd base 2-5 1-0: Foul Ball, location: 2F 1-1: Foul Ball, location: 2F 1-2: Strikes out swinging
|
| Bottom of the 2nd over - 0 runs, 1 hit, 0 errors, 1 left on base; Greensboro 1 - Augusta 3 |
| TOP OF THE 3RD |
|
Greensboro Grasshoppers batting - Pitching for Augusta GreenJackets : RHP Tony Nateras
|
|
Batting: RHB Harrie de Kam
|
0-0: Ball 1-0: Ball 2-0: Called Strike 2-1: Ball 3-1: Called Strike 3-2: Foul Ball, location: 2F 3-2: Fly out, F7 (Line Drive, 7, EV 97.5 MPH)
|
|
Batting: RHB Rafael Irizarry
|
0-0: Called Strike 0-1: Called Strike 0-2: Ball 1-2: Fly out, F9 (Flyball, 9LD, EV 104.4 MPH)
|
|
Batting: RHB Nate Crofts
|
0-0: Called Strike 0-1: Ball 1-1: Ball 2-1: Foul Ball, location: 2F 2-2: Strikes out swinging
|
| Top of the 3rd over - 0 runs, 0 hits, 0 errors, 0 left on base; Greensboro 1 - Augusta 3 |
| BOTTOM OF THE 3RD |
|
Augusta GreenJackets batting - Pitching for Greensboro Grasshoppers : RHP Joe Lynn
|
|
Pitching: RHP Dan Durand
|
|
|
Batting: RHB Tony Harper
|
0-0: Called Strike 0-1: Foul Ball, location: 2F 0-2: Ball 1-2: Fly out, F8 (Flyball, 8RXD, EV 95.6 MPH)
|
|
Batting: RHB Zach Maguire
|
0-0: Ball 1-0: SINGLE (Groundball, 4M, EV 91.9 MPH) (infield hit)
|
|
Batting: LHB Steve Nevis
|
0-0: Ball 1-0: Fielders Choice at 2nd, 4-6 (Groundball, 4M, EV 100.6 MPH)
|
|
Batting: LHB Chris West
|
0-0: Called Strike 0-1: Ball 1-1: Swinging Strike 1-2: SINGLE (Groundball, 4M, EV 107.5 MPH) (infield hit) Steve Nevis to second
|
|
Batting: RHB Ryan Bentz
|
0-0: SINGLE (Groundball, 4MD, EV 98.1 MPH) Steve Nevis to third Chris West to second Runner from 3rd tries for Home, SAFE, throw by CF to home
|
|
Batting: RHB Jaime Rios
|
0-0: Ball 1-0: Ball 2-0: Called Strike 2-1: Ball 3-1: Foul Ball, location: 2F 3-2: SINGLE (Line Drive, 34D, EV 105.6 MPH) Chris West to third Ryan Bentz to second Chris West scores Ryan Bentz to third
|
|
Pitching: RHP Bill Padgett
|
|
|
Batting: RHB Gary Sampson
|
0-0: Ball Wild Pitch! Ryan Bentz scores Jaime Rios to second 1-0: Called Strike 1-1: Foul Ball, location: 2F 1-2: 2-RUN HOME RUN (Flyball, 9D, EV 100.0 MPH), Distance : 372 ft
|
|
Batting: RHB Ruben Irizarry
|
0-0: Ball 1-0: SOLO HOME RUN (Flyball, 7D, EV 97.5 MPH), Distance : 368 ft
|
|
Batting: LHB Joe Hoover
|
0-0: Called Strike 0-1: DOUBLE (Line Drive, 9LM, EV 89.4 MPH)
|
|
Batting: RHB Tony Harper
|
0-0: Ball 1-0: SINGLE (Groundball, 4M, EV 99.4 MPH) Joe Hoover to third Runner from 3rd tries for Home, SAFE, throw by CF to home
|
|
Batting: RHB Zach Maguire
|
0-0: Called Strike 0-1: Foul Ball, location: 2F 0-2: 2-RUN HOME RUN (Flyball, 7D, EV 100.0 MPH), Distance : 386 ft
|
|
Pitching: LHP Ryan Karg
|
|
|
Batting: LHB Steve Nevis
|
0-0: Ground out 4-3 (Groundball, 4, EV 90.0 MPH)
|
| Bottom of the 3rd over - 9 runs, 9 hits, 0 errors, 0 left on base; Greensboro 1 - Augusta 12 |
| TOP OF THE 4TH |
|
Greensboro Grasshoppers batting - Pitching for Augusta GreenJackets : RHP Tony Nateras
|
|
Batting: LHB Angelo Estrella
|
0-0: Called Strike 0-1: Ball 1-1: Ball 2-1: Ground out 5-3 (Groundball, 56, EV 96.9 MPH)
|
|
Batting: RHB Chris Alft
|
0-0: Ball 1-0: Fly out, F9 (Flyball, 89M, EV 78.8 MPH)
|
|
Batting: LHB Justin Blakely
|
0-0: Ball 1-0: Called Strike 1-1: Ball 2-1: Ball 3-1: Base on Balls
|
|
Batting: RHB J.D. Vander Klok
|
0-0: Ball 1-0: Foul Ball, location: 2F 1-1: SINGLE (Line Drive, 4MD, EV 103.8 MPH) Justin Blakely to second
|
|
Batting: RHB Dennis Coppolino
|
0-0: Ball 1-0: Called Strike 1-1: SINGLE (Line Drive, 4MD, EV 103.8 MPH) Justin Blakely to third J.D. Vander Klok to second
|
|
Batting: RHB Nick Dunton
|
0-0: SINGLE (Groundball, 5S, EV 74.4 MPH) (infield hit) Justin Blakely scores J.D. Vander Klok to third Dennis Coppolino to second
|
|
Batting: RHB Harrie de Kam
|
0-0: Ball 1-0: Ball 2-0: Fly out, F8 (Flyball, 8RXD, EV 93.8 MPH)
|
| Top of the 4th over - 1 run, 3 hits, 0 errors, 3 left on base; Greensboro 2 - Augusta 12 |
| BOTTOM OF THE 4TH |
|
Augusta GreenJackets batting - Pitching for Greensboro Grasshoppers : LHP Ryan Karg
|
|
Batting: LHB Chris West
|
0-0: Ball 1-0: Ball 2-0: Foul Ball, location: 2F 2-1: Called Strike 2-2: Foul Ball, location: 2F 2-2: Foul Ball, location: 2F 2-2: Strikes out swinging
|
|
Batting: RHB Ryan Bentz
|
0-0: Ball 1-0: Ball 2-0: Ball 3-0: Called Strike 3-1: Fly out, F3 (Line Drive, 3L, EV 64.4 MPH)
|
|
Batting: RHB Jaime Rios
|
0-0: Ball 1-0: Ball 2-0: Ground out 6-3 (Groundball, 6, EV 85.6 MPH)
|
| Bottom of the 4th over - 0 runs, 0 hits, 0 errors, 0 left on base; Greensboro 2 - Augusta 12 |
| TOP OF THE 5TH |
|
Greensboro Grasshoppers batting - Pitching for Augusta GreenJackets : RHP Tony Nateras
|
|
Batting: RHB Rafael Irizarry
|
0-0: Ball 1-0: Ball 2-0: Ball 3-0: Called Strike 3-1: Base on Balls
|
|
Batting: RHB Nate Crofts
|
0-0: Ball Rafael Irizarry steals 2nd base 1-0: Ball 2-0: Ball 3-0: Base on Balls
|
|
Batting: LHB Angelo Estrella
|
0-0: Ball 1-0: Ball 2-0: Called Strike 2-1: 3-RUN HOME RUN (Flyball, 9D, EV 101.9 MPH), Distance : 378 ft
|
|
Pitching: RHP Kyle Rindels
|
|
|
Batting: RHB Chris Alft
|
0-0: Ball 1-0: Foul Ball, location: 2F 1-1: Ball 2-1: Swinging Strike 2-2: Ball 3-2: Strikes out swinging
|
|
Batting: LHB Justin Blakely
|
0-0: Foul Ball, location: 2F 0-1: Called Strike 0-2: Ball 1-2: Foul Ball, location: 2F 1-2: Foul Ball, location: 2F 1-2: Ball 2-2: Foul Ball, location: 2F 2-2: Foul Ball, location: 2F 2-2: Strikes out looking
|
|
Batting: RHB J.D. Vander Klok
|
0-0: Ball 1-0: Ground out 5-3 (Groundball, 5L, EV 108.1 MPH)
|
| Top of the 5th over - 3 runs, 1 hit, 0 errors, 0 left on base; Greensboro 5 - Augusta 12 |
| BOTTOM OF THE 5TH |
|
Augusta GreenJackets batting - Pitching for Greensboro Grasshoppers : LHP Ryan Karg
|
|
Batting: RHB Gary Sampson
|
0-0: Fly out, F9 (Flyball, 89XD, EV 101.2 MPH)
|
|
Batting: RHB Ruben Irizarry
|
0-0: Ball 1-0: Swinging Strike 1-1: Called Strike 1-2: Ball 2-2: Foul Ball, location: 2F 2-2: Foul Ball, location: 2F 2-2: SINGLE (Groundball, 56, EV 101.2 MPH)
|
|
Batting: LHB Joe Hoover
|
0-0: Ball 1-0: Ball 2-0: Ball 3-0: Base on Balls Ruben Irizarry to second
|
|
Batting: RHB Tony Harper
|
0-0: Foul Ball, location: 2F 0-1: Swinging Strike 0-2: Ball 1-2: Foul Ball, location: 2F 1-2: Fielders Choice at 2nd, 6-4 (Groundball, 6, EV 100.6 MPH) Ruben Irizarry to third
|
|
Batting: RHB Zach Maguire
|
0-0: Ball 1-0: Foul Ball, location: 2F 1-1: Ball Passed Ball! Ruben Irizarry scores Tony Harper to second 2-1: Ball 3-1: Foul Ball, location: 2F 3-2: DOUBLE (Line Drive, 8RXD, EV 107.5 MPH) Tony Harper scores
|
|
Batting: LHB Steve Nevis
|
0-0: SINGLE (Groundball, 4MD, EV 95.6 MPH) Zach Maguire to third Runner from 3rd tries for Home, SAFE, throw by CF to home
|
|
Batting: LHB Chris West
|
0-0: Called Strike 0-1: Foul Ball, location: 2F 0-2: Foul Ball, location: 2F 0-2: Ball 1-2: Ball 2-2: Ball 3-2: Ground out 1-3 (Groundball, 34S, EV 69.4 MPH)
|
| Bottom of the 5th over - 3 runs, 3 hits, 0 errors, 1 left on base; Greensboro 5 - Augusta 15 |
| TOP OF THE 6TH |
|
Greensboro Grasshoppers batting - Pitching for Augusta GreenJackets : RHP Kyle Rindels
|
|
Batting: RHB Dennis Coppolino
|
0-0: Ball 1-0: Called Strike 1-1: Foul Ball, location: 2F 1-2: Strikes out swinging
|
|
Batting: RHB Nick Dunton
|
0-0: Foul Ball, location: 2F 0-1: Foul Ball, location: 2F 0-2: Ball 1-2: Ball 2-2: Strikes out looking
|
|
Batting: RHB Harrie de Kam
|
0-0: Ball 1-0: Ball 2-0: Ball 3-0: Called Strike 3-1: Foul Ball, location: 2F 3-2: Foul Ball, location: 2RF, Error on foul ball, E2 3-2: Foul Ball, location: 2F 3-2: Strikes out swinging
|
| Top of the 6th over - 0 runs, 0 hits, 1 error, 0 left on base; Greensboro 5 - Augusta 15 |
| BOTTOM OF THE 6TH |
|
Augusta GreenJackets batting - Pitching for Greensboro Grasshoppers : LHP Ryan Karg
|
|
Pitching: RHP Mike Yorke
|
|
|
Batting: RHB Ryan Bentz
|
0-0: Ball 1-0: Swinging Strike 1-1: Ball 2-1: Ball 3-1: Called Strike 3-2: Base on Balls
|
|
Batting: RHB Jaime Rios
|
0-0: Fly out, F9 (Flyball, 9LM, EV 93.1 MPH)
|
|
Batting: RHB Gary Sampson
|
0-0: Foul Ball, location: 2F 0-1: Ball 1-1: Foul Ball, location: 2F 1-2: Foul Ball, location: 2F 1-2: Strikes out looking
|
|
Batting: RHB Ruben Irizarry
|
0-0: SINGLE (Groundball, 3D, EV 98.8 MPH) Ryan Bentz to second Runner from 2nd tries for 3rd, SAFE, throw by RF made to third
|
|
Batting: LHB Joe Hoover
|
0-0: Ball 1-0: Ball 2-0: Foul Ball, location: 2F 2-1: Ball 3-1: Foul Ball, location: 2F 3-2: Foul Ball, location: 2F 3-2: SINGLE (Groundball, 34D, EV 105.0 MPH) Ryan Bentz scores Ruben Irizarry to second Ruben Irizarry to third
|
|
Pitching: RHP Ryan Thompson
|
|
|
Batting: RHB Tony Harper
|
0-0: Called Strike 0-1: Ball 1-1: Ball 2-1: Ball 3-1: Foul Ball, location: 2F 3-2: Strikes out swinging
|
| Bottom of the 6th over - 1 run, 2 hits, 0 errors, 2 left on base; Greensboro 5 - Augusta 16 |
| TOP OF THE 7TH |
|
Greensboro Grasshoppers batting - Pitching for Augusta GreenJackets : RHP Kyle Rindels
|
|
Batting: RHB Rafael Irizarry
|
0-0: Ball 1-0: Ball 2-0: Ball 3-0: Called Strike 3-1: Foul Ball, location: 2F 3-2: Strikes out swinging
|
|
Pitching: RHP Edward Jones
|
|
|
Batting: RHB Nate Crofts
|
0-0: Called Strike 0-1: Swinging Strike 0-2: Ball 1-2: SINGLE (Groundball, 6MD, EV 105.6 MPH)
|
|
Batting: LHB Angelo Estrella
|
0-0: Swinging Strike 0-1: Ball 1-1: Ball 2-1: Ball 3-1: Foul Ball, location: 2F 3-2: Base on Balls Nate Crofts to second
|
|
Batting: RHB Chris Alft
|
0-0: Ball 1-0: Foul Ball, location: 2F 1-1: DOUBLE (Groundball, 5L, EV 106.9 MPH) Nate Crofts scores Angelo Estrella to third
|
|
Batting: LHB Justin Blakely
|
0-0: Foul Ball, location: 2F 0-1: Ball 1-1: Foul Ball, location: 2F 1-2: Ball 2-2: Ball 3-2: Base on Balls
|
|
Pitching: LHP Christian Rogers
|
|
|
Batting: RHB J.D. Vander Klok
|
0-0: Fielders Choice at 2nd, 6-4 (Groundball, 6, EV 90.0 MPH) Angelo Estrella scores Chris Alft to third
|
|
Batting: RHB Dennis Coppolino
|
0-0: Foul Ball, location: 2F 0-1: Ball 1-1: Ground out 4-3 (Groundball, 4, EV 84.4 MPH)
|
| Top of the 7th over - 2 runs, 2 hits, 0 errors, 2 left on base; Greensboro 7 - Augusta 16 |
| BOTTOM OF THE 7TH |
|
Augusta GreenJackets batting - Pitching for Greensboro Grasshoppers : RHP Ryan Thompson
|
|
Batting: RHB Zach Maguire
|
0-0: DOUBLE (Line Drive, 8LXD, EV 106.2 MPH)
|
|
Batting: LHB Steve Nevis
|
0-0: Ball 1-0: Ground out 6-3 (Groundball, 6S, EV 88.8 MPH) Zach Maguire to third
|
|
Batting: LHB Chris West
|
0-0: Fly out, F8 (Flyball, 8RD, EV 108.1 MPH) Runner from 3rd tags up, SCORES, no throw by CF
|
|
Batting: RHB Ryan Bentz
|
0-0: Called Strike 0-1: Foul Ball, location: 2F 0-2: Ball 1-2: Ball 2-2: Ball 3-2: Base on Balls
|
|
Batting: RHB Jaime Rios
|
0-0: Ball 1-0: Fly out, F7 (Flyball, 78S, EV 90.6 MPH)
|
| Bottom of the 7th over - 1 run, 1 hit, 0 errors, 1 left on base; Greensboro 7 - Augusta 17 |
| TOP OF THE 8TH |
|
Greensboro Grasshoppers batting - Pitching for Augusta GreenJackets : LHP Christian Rogers
|
|
Batting: RHB Nick Dunton
|
0-0: Called Strike 0-1: Called Strike 0-2: Strikes out swinging
|
|
Batting: RHB Harrie de Kam
|
0-0: Ball 1-0: Ground out 6-3 (Groundball, 6, EV 76.9 MPH)
|
|
Batting: RHB Rafael Irizarry
|
0-0: Called Strike 0-1: Foul Ball, location: 2F 0-2: Ball 1-2: Strikes out looking
|
| Top of the 8th over - 0 runs, 0 hits, 0 errors, 0 left on base; Greensboro 7 - Augusta 17 |
| BOTTOM OF THE 8TH |
|
Augusta GreenJackets batting - Pitching for Greensboro Grasshoppers : RHP Ryan Thompson
|
|
Batting: RHB Gary Sampson
|
0-0: Ball 1-0: Ball 2-0: Called Strike 2-1: Ground out 6-3 (Groundball, 6, EV 111.2 MPH)
|
|
Batting: RHB Ruben Irizarry
|
0-0: Ball 1-0: Ball 2-0: Ball 3-0: Called Strike 3-1: Ground out U3 (Groundball, 34, EV 78.1 MPH)
|
|
Batting: LHB Joe Hoover
|
0-0: Ball 1-0: DOUBLE (Line Drive, 78D, EV 108.1 MPH)
|
|
Batting: RHB Tony Harper
|
0-0: Called Strike 0-1: Ground out U3 (Groundball, 3L, EV 84.4 MPH)
|
| Bottom of the 8th over - 0 runs, 1 hit, 0 errors, 1 left on base; Greensboro 7 - Augusta 17 |
| TOP OF THE 9TH |
|
Greensboro Grasshoppers batting - Pitching for Augusta GreenJackets : LHP Christian Rogers
|
|
Batting: RHB Nate Crofts
|
0-0: Ball 1-0: Called Strike 1-1: Foul Ball, location: 2F 1-2: Strikes out swinging
|
|
Batting: LHB Angelo Estrella
|
0-0: Ground out 1-3 (Groundball, 13, EV 70.0 MPH)
|
|
Batting: RHB Chris Alft
|
0-0: Swinging Strike 0-1: Foul Ball, location: 2F 0-2: Strikes out swinging
|
| Top of the 9th over - 0 runs, 0 hits, 0 errors, 0 left on base; Greensboro 7 - Augusta 17 |
|